 Dungeon Crawl Stone Soup version 0.22-b1-21-g5cfc168 (webtiles) character file.

48906 wojtek the Cleaver (level 14, -15/124 HPs)
             Began as a Minotaur Fighter on Aug 3, 2018.
             Was a High Priest of Makhleb.
             Demolished by a death yak (17 damage)
             ... on level 5 of the Lair of Beasts.
             The game lasted 00:33:41 (21588 turns).

wojtek the Cleaver (Minotaur Fighter)              Turns: 21588, Time: 00:33:42

Health: -15/124    AC: 17    Str: 33    XL:     14   Next: 14%
Magic:  20/20      EV: 12    Int:  5    God:    Makhleb [*****.]
Gold:   1229       SH: 13    Dex: 11    Spells: 13/13 levels left

rFire    . . .     SeeInvis .   y - +8 long sword of Light {slice, Str+4}
rCold    . . .     Gourm    .   c - +0 shield
rNeg     . . .     Faith    .   S - +0 plate armour
rPois    +         Spirit   .   (helmet restricted)
rElec    .         Reflect  .   U - scarf {repulsion}
rCorr    .         Harm     .   i - +0 pair of gloves
MR       +....                  C - +0 pair of boots
Stlth    ..........             z - amulet of rage
HPRegen  0.30/turn              Z - +4 ring of strength
MPRegen  0.17/turn              B - ring of poison resistance

@: repel missiles
A: retaliatory headbutt, horns 2
a: Minor Destruction, Lesser Servant of Makhleb, Major Destruction, Greater
Servant of Makhleb, Renounce Religion, Evoke Berserk Rage


You were on level 5 of the Lair of Beasts.
You worshipped Makhleb.
Makhleb was extremely pleased with you.
You were not hungry.

You visited 3 branches of the dungeon, and saw 18 of its levels.
You also visited: Ice Cave.

You collected 1229 gold pieces.

Inventory:

Hand Weapons
 a - a +0 war axe
 b - a +1 scimitar of flaming
 n - a +0 broad axe
 y - the +8 long sword of Light (weapon) {slice, Str+4}
   (You found it in an ice cave)

   It inflicts extra damage upon your enemies.
   It affects your strength (+4).
Missiles
 X - 3 throwing nets (quivered)
Armour
 c - a +0 shield (worn)
 h - a scarf of cloud immunity
 i - a +0 pair of gloves (worn)
 C - a +0 pair of boots (worn)
 F - the cursed +0 scale mail "Zosumieh" {rElec rC+ Dex+2}
   (You found it in an ice cave)

   It affects your dexterity (+2).
   It protects you from cold.
   It insulates you from electricity.
   It has a curse placed upon it.
 S - a +0 plate armour (worn)
 U - a scarf of repulsion (worn)
Jewellery
 u - a +2 ring of protection
 z - an amulet of rage (around neck)
 B - a ring of poison resistance (right hand)
 Q - an uncursed ring of protection from magic
 Z - a +4 ring of strength (left hand)
Wands
 v - a wand of enslavement (3)
 H - a wand of paralysis (14)
 I - a wand of flame (43)
 J - a wand of iceblast (31)
 K - a wand of scattershot (6)
 Y - a wand of acid (12)
Scrolls
 e - 2 scrolls of blinking
 g - 6 scrolls of magic mapping
 k - 7 scrolls of identify
 l - 7 scrolls of remove curse
 o - a scroll of amnesia
 w - 3 scrolls of immolation
 E - 2 scrolls of noise {unknown}
 G - a scroll of fear {unknown}
 L - 5 scrolls of teleportation
 R - 2 scrolls of summoning {unknown}
 T - a scroll of enchant armour {unknown}
 V - 4 scrolls of fog {unknown}
 W - a scroll of vulnerability {unknown}
Potions
 d - 4 potions of might
 j - 8 potions of haste
 m - 4 potions of curing
 p - 4 potions of flight
 q - 4 potions of ambrosia
 r - a potion of berserk rage {unknown}
 s - a potion of mutation {unknown}
 t - 2 potions of cancellation
 x - 3 potions of agility {unknown}
 D - 2 potions of magic {unknown}
 M - 3 potions of heal wounds {unknown}
 N - a potion of lignification {unknown}
 O - a potion of invisibility {unknown}
 P - a potion of resistance {unknown}
Comestibles
 f - 31 rations


   Skills:
 + Level 11.0 Fighting
 * Level 14.9 Axes
 + Level 10.9 Armour
 + Level 9.4 Dodging
 + Level 10.9 Shields
 * Level 9.9 Invocations
 + Level 7.6 Evocations


You had 13 spell levels left.
You didn't know any spells.
Your spell library contained the following spells:

 Spells                   Type           Power        Failure   Level  Hunger
 Magic Dart               Conj           #...         99%         1    ##.....
 Apportation              Tloc           #.....       99%         1    ##.....
 Confuse                  Hex            #.......     100%        3    ####...
 Invisibility             Hex            #.......     100%        6    #######
 Mephitic Cloud           Conj/Pois/Air  #.......     100%        3    ####...
 Venom Bolt               Conj/Pois      #.........   100%        5    ######.
 Olgreb's Toxic Radiance  Pois           #.......     100%        4    #####..
 Summon Small Mammal      Summ           #...         99%         1    ##.....
 Iskenderun's Mystic Bla  Conj           #.......     100%        4    #####..
 Animate Skeleton         Necr           N/A          99%         1    ##.....
 Regeneration             Chrm/Necr      #.........   100%        3    ####...
 Sting                    Conj/Pois      #...         99%         1    ##.....
 Sublimation of Blood     Necr           #.........   100%        2    ###....
 Tukima's Dance           Hex            #.......     100%        3    ####...
 Confusing Touch          Hex            #.....       99%         1    ##.....
 Ignite Poison            Fire/Tmut/Pois #.......     100%        3    ####...
 Ensorcelled Hibernation  Hex/Ice        #.....       100%        2    ###....
 Summon Butterflies       Summ           #.......     99%         1    ##.....
 Corona                   Hex            #......      99%         1    ##.....
 Alistair's Intoxication  Tmut/Pois      #.......     100%        5    ######.
 Petrify                  Tmut/Erth      #.......     100%        4    #####..
 Leda's Liquefaction      Hex/Erth       #.........   100%        4    #####..
 Shroud of Golubria       Chrm/Tloc      #.........   100%        2    ###....
 Fulminant Prism          Conj/Hex       #.........   100%        4    #####..
 Dazzling Spray           Conj/Hex       #.....       100%        3    ####...
 Force Lance              Conj/Tloc      #.......     100%        4    #####..
 Infusion                 Chrm           #...         99%         1    ##.....
 Song of Slaying          Chrm           #.......     100%        2    ###....
 Spectral Weapon          Hex/Chrm       #.......     100%        3    ####...
 Searing Ray              Conj           #.....       100%        2    ###....
 Irradiate                Conj/Tmut      #.........   100%        5    ######.
 Lesser Beckoning         Tloc           #.........   100%        3    ####...
 Poisonous Vapours        Pois/Air       #.....       100%        2    ###....
 Ignition                 Fire           #.........   100%        8    #######


Dungeon Overview and Level Annotations

Branches:
Dungeon (11/15)            Temple (1/1) D:7            Lair (6/6) D:9
 Shoals (0/4) Lair:2        Snake (0/4) Lair:3        Slime (0/5) Lair:6
    Orc (0/2) D:9

Altars:
Ashenzari
Cheibriados
Dithmenos
Elyvilon
Fedhas
Gozag
Hepliaklqana
Kikubaaqudgha
Makhleb
Nemelex Xobeh
Okawaru
Qazlal
Ru
Sif Muna
Trog
Uskayaw
Vehumet
Wu Jian
Xom
Yredelemnul
Zin
The Shining One
Beogh
Jiyva


Innate Abilities, Weirdness & Mutations

You reflexively headbutt those who attack you in melee.
You have a pair of horns on your head.


Message History

* * * LOW HITPOINT WARNING * * *
The swamp worm bites you but does no damage.
You block the yak's attack.
Unknown command.
You closely miss the swamp worm. You headbutt the swamp worm!
The swamp worm is almost dead.
The swamp worm barely misses you. You furiously retaliate!
You headbutt the swamp worm.
You kill the swamp worm!
Makhleb accepts your kill.
You feel better. The death yak gores you! x2
* * * LOW HITPOINT WARNING * * *
You block the yak's attack. The death yak gores you!
* * * LOW HITPOINT WARNING * * *
You hit the death yak.
The death yak is heavily wounded.
The death yak gores you!
* * * LOW HITPOINT WARNING * * *
You block the yak's attack. The death yak gores you!
You die...

.................................
.................................
.........#.#...##................
........#.####..P........(.......
P.......##.#.......#....#P.......
.........#..............#........
.........#P........#......P.....(
.........#...#.PYY#......P.......
........###.>.##@†.......P.......
#........#.P..##PY.##..PPPP......
##..............PP.##..PP.PP.....
#.......................P.PP.....
.................................
...#....#.#.P#...#.#..#.#.P...#.#
#####.####.#################.####
### ### ###


You could see 2 death yaks and a yak.

Vanquished Creatures
  2 entropy weavers (Lair:4)
  6 hydras
  A centaur warrior (D:9)
  8 two-headed ogres
  A death yak (Lair:6)
  A queen ant (Lair:4)
  2 skeletal warriors (D:11)
  A wizard (D:10)
  A necromancer (IceCv)
  2 cyclopes (D:11)
  2 ugly things (D:11)
  A moth of wrath (Lair:6)
  A merfolk siren (Lair:2)
  A black mamba (Lair:4)
  An ice statue (IceCv)
  2 centaur zombies
  A rime drake (Lair:1)
  7 spiny frogs
  2 komodo dragons
  8 ice devils (IceCv)
  3 merfolk (Lair:2)
  2 hornets
  A polar bear (Lair:2)
  A tyrant leech (Lair:6)
  11 blink frogs
  6 hippogriffs
  30 yaks
  A shadow (D:11)
  2 wyverns
  A steam dragon (Lair:5)
  A basilisk (Lair:5)
  Eustachio (D:4)
  A hungry ghost (D:10)
  Menkaure (D:5)
  A swamp worm (Lair:5)
  19 soldier ants (Lair:4)
  A two-headed ogre zombie (D:10)
  4 nagas (Lair:3)
  An acid dragon (D:11)
  5 water moccasins
  6 porcupines
  10 orc warriors
  8 phantoms
  3 ice beasts
  2 necrophages (D:10)
  19 ogres
  An eye of draining (D:8)
  3 sky beasts
  6 centaurs
  A big kobold (D:8)
  10 crocodiles
  Blork the orc (D:4)
  14 bullfrogs
  3 scorpions
  6 killer bees (D:10)
  7 howler monkeys
  3 draconian simulacra (IceCv)
  2 crimson imps
  A bullfrog skeleton (D:11)
  3 centaur skeletons
  3 hounds
  13 orc priests
  2 iguanas
  11 orc wizards
  22 worker ants
  3 troll simulacra (IceCv)
  A killer bee zombie (D:7)
  A hound zombie (D:4)
  2 hound skeletons
  8 gnolls
  14 adders
  3 naga simulacra (IceCv)
  An ogre simulacrum (IceCv)
  A shadow imp (D:8)
  An adder skeleton (D:6)
  3 worms (D:3)
  2 dart slugs
  4 leopard geckos
  68 orcs
  6 giant cockroaches
  10 goblins
  12 hobgoblins
  2 jackals (D:4)
  5 quokkas
  A ball python zombie (D:5)
  7 bats
  3 frilled lizards
  A giant cockroach zombie (D:5)
  10 kobolds
  A leopard gecko zombie (D:6)
  10 rats
  A bush (D:4)
  3 plants (D:4)
488 creatures vanquished.

Vanquished Creatures (collateral kills)
  Erica (Lair:1)
  2 two-headed ogres (D:10)
  A skeletal warrior (D:11)
  An ice statue (IceCv)
  5 yaks (Lair:1)
  An ogre (D:10)
11 creatures vanquished.

Vanquished Creatures (others)
  Erolcha (D:10)
  3 bushes (Lair:6)
  9 fungi (Lair:6)
  21 plants
34 creatures vanquished.

Grand Total: 533 creatures vanquished

Notes
Turn   | Place    | Note
-------+----------+-------------------------------------------
     0 | D:1      | wojtek the Minotaur Fighter began the quest for the Orb.
     0 | D:1      | Reached XP level 1. HP: 19/19 MP: 0/0
   100 | D:1      | Reached skill level 3 in Axes
   132 | D:1      | Reached XP level 2. HP: 26/26 MP: 1/1
   387 | D:1      | Reached skill level 4 in Axes
   597 | D:2      | Found an iron altar of Okawaru.
   672 | D:2      | Reached XP level 3. HP: 27/31 MP: 2/2
  1077 | D:2      | Reached skill level 5 in Axes
  1609 | D:3      | Reached XP level 4. HP: 28/39 MP: 3/3
  1892 | D:3      | Noticed a centaur
  1899 | D:3      | HP: 1/40 [centaur (4)]
  1901 | D:3      | Killed a centaur
  1901 | D:3      | Reached skill level 6 in Axes
  1901 | D:3      | Reached skill level 1 in Dodging
  1901 | D:3      | Reached XP level 5. HP: 2/46 MP: 4/4
  2164 | D:3      | Found a glowing silver altar of Zin.
  2624 | D:4      | Noticed Blork the orc
  2629 | D:4      | Killed Blork the orc
  2629 | D:4      | Reached XP level 6. HP: 52/52 MP: 5/5
  2956 | D:4      | Reached skill level 7 in Axes
  2956 | D:4      | Reached XP level 7. HP: 12/60 MP: 6/6
  3122 | D:4      | Identified Odeirov's Tome of Captivating Fire
  3257 | D:4      | Reached skill level 1 in Evocations
  3328 | D:4      | Noticed Eustachio
  3347 | D:4      | Killed Eustachio
  3347 | D:4      | Reached skill level 5 in Fighting
  3347 | D:4      | Reached skill level 5 in Armour
  3347 | D:4      | Reached skill level 5 in Shields
  3529 | D:5      | Entered Level 5 of the Dungeon
  3695 | D:5      | Reached XP level 8. HP: 63/68 MP: 8/8
  3707 | D:5      | Reached skill level 8 in Axes
  4404 | D:5      | Noticed Menkaure
  4410 | D:5      | Killed Menkaure
  5092 | D:6      | Reached skill level 9 in Axes
  5438 | D:6      | Reached XP level 9. HP: 28/75 MP: 10/10
  6632 | D:7      | Reached skill level 5 in Dodging
  6655 | D:7      | Reached skill level 10 in Axes
  6914 | D:7      | Found a staircase to the Ecumenical Temple.
  6981 | Temple   | Entered the Ecumenical Temple
  7154 | Temple   | Became a worshipper of Makhleb the Destroyer
  7829 | D:8      | Reached skill level 1 in Invocations
  7857 | D:8      | Reached XP level 10. HP: 84/86 MP: 12/12
  8070 | D:8      | Noticed a two-headed ogre
  8079 | D:8      | Killed a two-headed ogre
  8233 | D:8      | Noticed a two-headed ogre
  8271 | D:8      | Killed a two-headed ogre
  8271 | D:8      | Reached skill level 11 in Axes
  8887 | D:9      | Noticed a centaur warrior
  8898 | D:9      | Killed a centaur warrior
  9135 | D:9      | Found a roughly hewn altar of Beogh.
  9135 | D:9      | Found a staircase to the Orcish Mines.
  9148 | D:9      | Reached * piety under Makhleb
  9290 | D:9      | Noticed a two-headed ogre
  9298 | D:9      | Killed a two-headed ogre
  9298 | D:9      | Reached skill level 5 in Evocations
  9298 | D:9      | Reached XP level 11. HP: 35/94 MP: 13/13
  9756 | D:9      | Found a basalt altar of Yredelemnul.
  9767 | D:9      | Found a hide-covered altar of Uskayaw.
  9792 | D:9      | Found a staircase to the Lair.
 10040 | D:10     | Entered Level 10 of the Dungeon
 10055 | D:10     | Reached ** piety under Makhleb
 10213 | D:10     | Noticed a two-headed ogre
 10224 | D:10     | Killed a two-headed ogre
 10224 | D:10     | Reached skill level 5 in Invocations
 10582 | D:10     | Reached skill level 12 in Axes
 10723 | D:10     | Noticed a wizard
 10737 | D:10     | Killed a wizard
 10840 | D:10     | Noticed a two-headed ogre
 10841 | D:10     | Noticed a two-headed ogre
 10845 | D:10     | Noticed a two-headed ogre
 10855 | D:10     | Killed a two-headed ogre
 10863 | D:10     | Killed a two-headed ogre
 10863 | D:10     | Reached *** piety under Makhleb
 10883 | D:10     | Noticed a two-headed ogre
 10897 | D:10     | Killed a two-headed ogre
 10905 | D:10     | Killed a two-headed ogre
 10905 | D:10     | Reached XP level 12. HP: 49/104 MP: 15/15
 11103 | D:10     | Noticed Erolcha
 11104 | D:10     | Noticed a two-headed ogre
 11107 | D:10     | Noticed a two-headed ogre
 11114 | D:10     | Killed a two-headed ogre
 11118 | D:10     | Killed a two-headed ogre
 11123 | D:10     | Killed Erolcha
 12018 | D:11     | Reached skill level 13 in Axes
 12036 | D:11     | Found a sacrificial altar of Ru.
 12611 | D:11     | HP: 2/106 [skeletal warrior/dire flail[a skeletal warrior] (10)]
 13871 | Lair:1   | Entered Level 1 of the Lair of Beasts
 13871 | Lair:1   | Noticed Erica
 13883 | Lair:1   | Killed Erica
 14433 | Lair:1   | Noticed a six-headed hydra
 14444 | Lair:1   | Killed a two-headed hydra
 14444 | Lair:1   | Reached skill level 10 in Fighting
 14456 | Lair:1   | Found a deep blue altar of Sif Muna.
 15043 | Lair:2   | Found a frozen archway.
 15067 | IceCv    | Entered an ice cave
 15093 | IceCv    | Reached skill level 10 in Shields
 15192 | IceCv    | Reached XP level 13. HP: 113/113 MP: 18/18
 16237 | IceCv    | Reached skill level 10 in Armour
 16981 | IceCv    | Got a smoking long sword
 16987 | IceCv    | Got a slimy scale mail
 17079 | Lair:2   | Found a staircase to the Shoals.
 17102 | Lair:2   | Reached skill level 14 in Axes
 17123 | Lair:2   | Identified the cursed +0 scale mail "Zosumieh" {rElec rC+ Dex+2} (You found it in an ice cave)
 18078 | Lair:1   | Identified the +8 long sword of Light {slice, Str+4} (You found it in an ice cave)
 18236 | Lair:3   | Found a staircase to the Snake Pit.
 19083 | Lair:4   | Reached **** piety under Makhleb
 19106 | Lair:4   | Found a deep blue altar of Sif Muna.
 19258 | Lair:4   | Noticed an entropy weaver
 19270 | Lair:4   | Killed an entropy weaver
 19344 | Lair:4   | Noticed an entropy weaver
 19353 | Lair:4   | Killed an entropy weaver
 20115 | Lair:5   | Reached ***** piety under Makhleb
 21012 | Lair:6   | Entered Level 6 of the Lair of Beasts
 21018 | Lair:6   | Reached XP level 14. HP: 122/122 MP: 20/20
 21140 | Lair:6   | Found a staircase to the Slime Pits.
 21143 | Lair:6   | Found a viscous altar of Jiyva.
 21588 | Lair:5   | HP: 2/124 [death yak (13)]
 21588 | Lair:5   | Demolished by a death yak

Skill      XL: |  1  2  3  4  5  6  7  8  9 10 11 12 13 14 |
---------------+-------------------------------------------+-----
Axes           | 3 4 5 6 7 9 10 11 12 13 14 | 14.9
Dodging        | 1 2 3 4 5 6 7 8 9 |  9.4
Shields        | 4 5 6 7 8 9 10 | 10.9
Fighting       | 4 5 6 7 8 9 10 11 | 11.0
Armour         | 4 5 6 7 8 9 10 | 10.9
Evocations     | 1 3 4 5 6 7 |  7.6
Invocations    | 1 4 6 8 9 |  9.9

Action                   |  1- 3 |  4- 6 |  7- 9 | 10-12 | 13-15 || total
-------------------------+-------+-------+-------+-------+-------++-------
Melee: War axe           |    96 |   143 |   360 |   685 |   264 ||  1548
       Headbutt          |    11 |    16 |    88 |   177 |   136 ||   428
       Scimitar          |       |       |       |     5 |    40 ||    45
       Long sword        |       |       |       |       |   168 ||   168
Invok: Lesser Servant of |       |       |       |    12 |     4 ||    16
       Minor Destruction |       |       |       |     4 |       ||     4
Evoke: Wand              |       |       |     2 |    23 |     8 ||    33
  Use: Scroll            |       |       |       |    16 |     4 ||    20
       Potion            |       |       |       |       |     1 ||     1
 Stab: Distracted        |       |       |       |     1 |       ||     1
  Eat: Chunk             |     2 |     5 |    14 |    23 |    12 ||    56
       Ration            |       |       |     1 |     1 |     2 ||     4
Armor: Chain mail        |    51 |    63 |   133 |    47 |       ||   294
       Scale mail        |     1 |       |       |       |       ||     1
       Plate armour      |       |       |       |   156 |   285 ||   441
Dodge: Dodged            |    16 |    46 |    77 |   160 |   240 ||   539
       Deflected         |       |       |       |       |     6 ||     6
Block: Shield            |    34 |    81 |   153 |   295 |   377 ||   940
       Rpst.: Long sword |       |       |       |       |    28 ||    28
       Scimitar          |       |       |       |       |     4 ||     4
